 Dungeon Crawl Stone Soup version 0.25-a0-603-g0321be95db (webtiles) character file.

Game seed: 7335602520004173014, levelgen mode: deterministic

225 Mehrunes the Magician (level 5, 0/28 HPs)
             Began as a Deep Elf Wizard on Mar 16, 2020.
             Slain by a wyvern (15 damage)
             ... on level 4 of the Dungeon.
             The game lasted 00:13:23 (4672 turns).

Mehrunes the Magician (Deep Elf Wizard)             Turns: 4672, Time: 00:13:24

Health: 0/28       AC:  2    Str:  4    XL:     5   Next: 68%
Magic:  1/14       EV: 13    Int: 24    God:
Gold:   221        SH:  0    Dex: 13    Spells: 3/14 levels left

rFire    . . .     SeeInvis .   p - +0 dagger
rCold    . . .     Gourm    .   (no shield)
rNeg     . . .     Faith    .   a - +0 robe
rPois    .         Spirit   .   b - +0 hat
rElec    .         Reflect  .   (no cloak)
rCorr    .         Harm     .   (no gloves)
MR       .....                  (no boots)
Stlth    ++........             (no amulet)
HPRegen  0.09/turn              (no ring)
MPRegen  0.14/turn              (no ring)

@: very slightly contaminated, hasted, very quick
A: no striking features
a: no special abilities


You were on level 4 of the Dungeon.
You were not hungry.

You visited 1 branch of the dungeon, and saw 4 of its levels.

You collected 221 gold pieces.

Inventory:

Hand Weapons
 p - a +0 dagger (weapon)
Armour
 a - a +0 robe (worn)
 b - a +0 hat (worn)
Jewellery
 f - a cursed ring of teleportation {unknown}
 k - an uncursed ring of magical power {unknown}
Wands
 r - a wand of polymorph (6)
Scrolls
 c - 8 scrolls of remove curse {unknown}
 e - 3 scrolls of amnesia {unknown}
 g - 2 scrolls of identify {unknown}
 i - 4 scrolls of teleportation {unknown}
 j - a scroll of fear {unknown}
 l - a scroll of blinking {unknown}
Potions
 h - a potion of mutation {unknown}
 m - 2 potions of haste
 n - a potion of stabbing {unknown}
 q - 2 potions of degeneration {unknown}
 s - 2 potions of heal wounds {unknown}
Comestibles
 d - 6 rations
 o - 3 chunks of flesh


   Skills:
 - Level 2.4 Dodging
 - Level 2.4 Stealth
 + Level 5.1 Spellcasting
 + Level 3.0 Conjurations
 - Level 1.1 Summonings
 - Level 1.1 Translocations
 * Level 0.8 Fire Magic
 - Level 3.0 Air Magic
 - Level 3.1 Poison Magic


You had 3 spell levels left.
You knew the following spells:

 Your Spells              Type           Power        Failure   Level  Hunger
a - Magic Dart            Conj           ###.         2%          1    None
b - Call Imp              Summ           ##......     9%          2    None
c - Blink                 Tloc           N/A          9%          2    None
d - Mephitic Cloud        Conj/Pois/Air  ###.....     8%          3    ##.....
e - Conjure Flame         Conj/Fire      ###.....     12%         3    ##.....

Your spell library contained the following spells:

 Spells                   Type           Power        Failure   Level  Hunger
 Slow                     Hex            #.......     13%         2    None


Dungeon Overview and Level Annotations

Branches:
Dungeon (4/15)
 Temple: D:4-7

Altars:
Dithmenos
Gozag
Okawaru

Annotations:
D:2 Sigmund


Message History

Press: ? - help, Dir - move target cursor, f/p - ogre
Aim: an ogre, wielding a +0 giant spiked club (heavily wounded) Attack!
Casting: Blink (safe; 9% risk of failure)
Confirm with . or Enter, or press ? or * to list all spells.
You blink.
Okay, then.
Evoke which item? (* to show all) (? for menu, Esc to quit)
Aiming: Polymorph
Press: ? - help, Shift-Dir - straight line, f/p - ogre
Aim: an ogre, wielding a +0 giant spiked club (heavily wounded, chance to defeat MR: 46%)
The ogre evaporates and reforms as a wyvern!
Evoke which item? (* to show all) (? for menu, Esc to quit)
Aiming: Polymorph
Press: ? - help, Shift-Dir - straight line, f/p - wyvern
Aim: a wyvern (lightly wounded, chance to defeat MR: 46%)
The wyvern resists with some effort.
It was a potion of haste.
You feel yourself speed up. The wyvern bites you!
Ouch! That really hurt!
You die...

........# #..#
#.....#.####
#...
#$###.#....####
..... .
###..........
.....
.##..5.....####
.......)....#
.........5###
.........l.#
.........@.#
.....>.....#
..........##
#...##...## ###
#####


You could see a wyvern, a friendly white imp and a friendly shadow imp.

Vanquished Creatures
  An orc wizard (D:3)
  A gnoll (D:2)
  5 adders
  A shadow imp (D:4)
  An adder skeleton (D:4)
  2 worms (D:3)
  A dart slug (D:2)
  A leopard gecko (D:3)
  5 orcs
  4 giant cockroaches
  9 goblins
  4 hobgoblins
  2 jackals (D:4)
  12 bats
  3 frilled lizards
  7 kobolds
  7 rats
66 creatures vanquished.

Vanquished Creatures (collateral kills)
  A bullfrog (D:3)
  Terence (D:2)
  A worm (D:2)
  An orc (D:2)
  A giant cockroach (D:2)
5 creatures vanquished.

Grand Total: 71 creatures vanquished

Notes
Turn   | Place    | Note
-------+----------+-------------------------------------------
     0 | D:1      | Mehrunes the Deep Elf Wizard began the quest for the Orb.
     0 | D:1      | Reached XP level 1. HP: 10/10 MP: 7/7
   569 | D:1      | Reached XP level 2. HP: 15/15 MP: 7/9
   589 | D:1      | Learned a level 2 spell: Call Imp
   592 | D:1      | Learned a level 2 spell: Blink
  1322 | D:2      | Noticed Terence
  1440 | D:2      | Killed Terence
  1440 | D:2      | Reached skill level 5 in Spellcasting
  1440 | D:2      | Reached XP level 3. HP: 19/19 MP: 0/11
  1445 | D:2      | Learned a level 3 spell: Mephitic Cloud
  1449 | D:2      | Learned a level 3 spell: Conjure Flame
  1560 | D:2      | Noticed Sigmund
  1657 | D:2      | Found an opulent altar of Gozag.
  1752 | D:2      | Reached skill level 1 in Poison Magic
  1755 | D:2      | Reached skill level 1 in Air Magic
  1949 | D:2      | Reached XP level 4. HP: 24/24 MP: 3/13
  2102 | D:2      | Found an iron altar of Okawaru.
  2863 | D:3      | Noticed a bullfrog
  2875 | D:3      | Killed a bullfrog
  2875 | D:3      | Reached XP level 5. HP: 12/28 MP: 7/14
  4280 | D:3      | Found a shadowy altar of Dithmenos.
  4652 | D:4      | Noticed an ogre
  4670 | D:4      | Noticed a wyvern
  4670 | D:4      | an ogre changed into a wyvern
  4672 | D:4      | Slain by a wyvern

Levels and vault maps discovered:
D:1:      lemuel_arrival_lava_pool, layout_basic
D:2:      layout_loops_corners, grunt_gozag_statues, okawaru_altar_gauntlet_db,
          first_ration, uniq_terence, uniq_sigmund
D:3:      layout_loops_ring, nicolae_dithmenos_shadow_blocks
D:4:      layout_rooms, marbit_many_paths

Skill      XL: |  1  2  3  4  5 |
---------------+----------------+-----
Conjurations   | 2 3 |  3.0
Spellcasting   | 5 |  5.1
Poison Magic   | 1 2 3 |  3.1
Air Magic      | 1 2 3 |  3.0
Dodging        | |  2.4
Stealth        | |  2.4
Summonings     | |  1.1
Translocations | |  1.1
Fire Magic     | |  0.8

Action                   |  1- 3 |  4- 6 || total
-------------------------+-------+-------++-------
Melee: Dagger            |       |     3 ||     3
 Cast: Magic Dart        |    55 |   127 ||   182
       Call Imp          |     7 |     9 ||    16
       Blink             |     2 |     4 ||     6
       Conjure Flame     |     2 |       ||     2
Evoke: Wand              |       |     2 ||     2
  Use: Potion            |       |     1 ||     1
 Stab: Distracted        |       |     1 ||     1
  Eat: Chunk             |     3 |     8 ||    11
Armor: Robe              |       |     6 ||     6
Dodge: Dodged            |    12 |    24 ||    36

Table legend:
 A = Non-vault XP
 B = Vault XP
 C = Vault XP percentage of total XP
 D = Non-vault monster count
 E = Vault monster count
 F = Vault count percentage of total count
                 A         B        C        D         E       F
            +---------+---------+-------+---------+---------+-------
      Total |     276 |      46 |  14.3 |      64 |       7 |   9.9
            +---------+---------+-------+---------+---------+-------
        D:1 |      15 |       0 |   0.0 |      10 |       0 |   0.0
        D:2 |      86 |      46 |  34.8 |      23 |       7 |  23.3
        D:3 |     152 |       0 |   0.0 |      26 |       0 |   0.0
        D:4 |      23 |       0 |   0.0 |       5 |       0 |   0.0
            +---------+---------+-------+---------+---------+-------
